 Dungeon Sprint DCSS version 0.30.1-5-ged363bc7ee (webtiles) character file.

Game seed: 10382405548726034205

2304 Heoruswealwe the Blocker (level 9, -1/65 HPs)
             Began as a Gargoyle Fighter on Sept 19, 2023.
             Was the Champion of Qazlal.
             Hit by a large rock thrown by a cyclops (37 damage)
             ... in the Dungeon (Sprint V: "Ziggurat Sprint").
             The game lasted 00:12:30 (620 turns).

Heoruswealwe the Blocker (Gargoyle Fighter)          Turns: 620, Time: 00:12:30

Health: -1/65      AC: 29    Str: 35    XL:     9   Next: 40%
Magic:  9/9        EV:  7    Int: 10    God:    Qazlal [******]
Gold:   0          SH:  8    Dex:  9    Spells: 8/8 levels left

rFire   + . .        a - +10 dark maul {heavy}
rCold   + . .        (shield currently unavailable)
rNeg    + . .        c - +5 gold dragon scales
rPois   ∞            (no helmet)
rElec   +            (no cloak)
rCorr   .            (no gloves)
SInv    .            (no boots)
Will    .....        (no amulet) Stlth
                     k - +6 ring of strength
HPRegen 0.30/turn    j - +6 ring of strength
MPRegen 0.11/turn

%: no teleportation, repel missiles
@: no status effects
A: sickness immunity, AC +6, negative energy resistance 1, electricity
resistance, torment resistance 1, petrification resistance
a: Renounce Religion, Upheaval, Elemental Force, Disaster Area


You were in the Dungeon.
You worshipped Qazlal.
Qazlal was exalted by your worship.
You visited 1 branch

Inventory:

Hand Weapons
 a - the +10 dark maul (weapon) {heavy}
   (You found it in the Dungeon)
 b - the +7 great mace "Firestarter" {flame, immolate, rFlCloud rF++}
   (You found it in the Dungeon)

   rFlCloud:  It grants immunity to clouds of flame.
   rF:        It greatly protects you from fire.
 l - a +5 demon whip
 m - the +6 shillelagh "Devastator" {shatter}
   (You found it in the Dungeon)
Armour
 c - +5 gold dragon scales (worn)
 d - the +18 shield of the Gong {Loud rN+ Will+ rCorr EV-5}
   (You found it in the Dungeon)

   Loud:      It is deafeningly noisy when blocking attacks.
   EV:        It affects your evasion (-5).
   rN:        It protects you from negative energy.
   rCorr:     It protects you from acid and corrosion.
   Will:      It increases your willpower.
 n - the +15 Maxwell's patent armour {-Cast -Tele rElec Will+ rCorr}
   (You found it in the Dungeon)

   rElec:     It insulates you from electricity.
   -Cast:     It prevents spellcasting.
   -Tele:     It prevents most forms of teleportation.
   rCorr:     It protects you from acid and corrosion.
   Will:      It increases your willpower.
Jewellery
 j - a +6 ring of strength (right hand)
 k - a +6 ring of strength (left hand)
 p - the ring "Hiklera" {rN++ MP+9 Stlth+}
   (You found it in the Dungeon)

   [ring of magical power]

   rN:        It greatly protects you from negative energy.
   MP:        It affects your magic capacity (+9).
   Stlth:     It makes you more stealthy.
Scrolls
 D - 4 scrolls of blinking
Potions
 e - 10 potions of curing
 f - 3 potions of heal wounds
 g - 6 potions of haste
 i - 3 potions of berserk rage
 o - 4 potions of resistance
 G - 2 potions of invisibility
 H - 6 potions of might
Miscellaneous
 h - a lightning rod (4/4)


   Skills:
 + Level 12.0 Fighting
 + Level 10.9 Maces & Flails
 + Level 12.0 Armour
 + Level 12.1 Shields


You had 8 spell levels left.
You didn't know any spells.
Your spell library contained the following spells:

 Spells                   Type           Power      Damage    Failure   Level
 Beastly Appendage        Tmut           0%         N/A       99%         1
 Magic Dart               Conj           0%         1d3       99%         1
 Call Imp                 Summ           0%         N/A       100%        2
 Ensorcelled Hibernation  Hex/Ice        0%         N/A       100%        2
 Passwall                 Tmut/Erth      0%         N/A       100%        2
 Wereblood                Tmut           0%         N/A       100%        2
 Ignite Poison            Fire/Tmut/Pois 0%         N/A       100%        3
 Mephitic Cloud           Conj/Pois/Air  0%         N/A       100%        3
 Spider Form              Tmut/Pois      0%         N/A       100%        3
 Swiftness                Air            0%         N/A       100%        3
 Passage of Golubria      Tloc           0%         N/A       100%        4
 Sticky Flame             Conj/Fire      0%         2d3       100%        4
 Silence                  Hex/Air        0%         N/A       100%        5
 Malign Gateway           Summ/Tloc      0%         N/A       100%        7
 Ignition                 Fire           0%         3d3       100%        8
 Lehudib's Crystal Spear  Conj/Erth      0%         10d2      100%        8
 Summon Horrible Things   Summ           0%         N/A       100%        8


Dungeon Overview and Level Annotations

Branches:
Dungeon (1/1)

Altars:
Ashenzari
Cheibriados
Dithmenos
Elyvilon
Fedhas
Gozag
Hepliaklqana
Kikubaaqudgha
Makhleb
Nemelex Xobeh
Okawaru
Qazlal
Ru
Sif Muna
Trog
Uskayaw
Vehumet
Wu Jian
Xom
Yredelemnul
Zin
The Shining One
Jiyva
Lugonu


Innate Abilities, Weirdness & Mutations

You are immune to sickness and miasma.
Your stone body is resilient. (AC +6)
You are immune to poison.
You resist negative energy. (rN+)
You are resistant to electric shocks. (rElec)
You are resistant to unholy torment.
You are immune to petrification.


Message History

The cyclops is engulfed in blazing flames.
The cyclops throws a large rock.
The large rock hits you!!
The centaur unwields a +0 shortbow.
The centaur hits you but does no damage.
The centaur kicks you but does no damage.
You feel much better.
The centaur shoots an arrow.
The arrow hits you. You block the centaur's attack.
The centaur barely misses you.
The cyclops throws a large rock.
You block the large rock.
You hammer the centaur like a gong!!!!!
You kill the centaur!
Qazlal accepts your kill.
The centaur shoots an arrow.
You block the arrow.
The yaktaur is engulfed in freezing vapours.
The centaur shoots an arrow.
The arrow hits you but does no damage.
The cyclops throws a large rock.
The large rock closely misses you.
The yaktaur unwields a +0 arbalest.
The yaktaur hits you but does no damage.
The centaur shoots an arrow.
The arrow hits you.
You hammer the yaktaur like a gong!!!!
You kill the yaktaur!
Qazlal accepts your kill.
The centaur shoots an arrow.
The arrow closely misses you.
The centaur shoots an arrow.
The arrow closely misses you.
The centaur shoots an arrow.
The arrow hits you but does no damage.
The centaur shoots an arrow.
You block the arrow.
The cyclops hits you but does no damage.
The cyclops throws a large rock.
The large rock hits you.
Your Fighting skill increases to level 12!
Your Armour skill increases to level 12!
Your Shields skill increases to level 12!
You crush the cyclops like a grape!!!
You kill the cyclops!
Qazlal accepts your kill.
The centaur shoots an arrow.
The arrow hits you.
The centaur shoots an arrow.
The arrow hits you but does no damage.
The cyclops throws a large rock.
The large rock hits you!
The centaur shoots an arrow.
The arrow completely misses you.
The cyclops throws a large rock.
The large rock hits you!!!
Ouch! That really hurt!
You die...

▓..8©8..▓
▓..|:|:[..▓../"|..▓
▓...[//...▓..))|..▓
▓.........▓.......▓
▓.........▓.......▓
▓.........▓.......▓
▓.......CC▓.......▓
▓.▓....C▓(▓.▓...▓.▓
▓....©.c.@▓...©...▓
▓▓▓▓▓▓▓▓▓▓▓▓▓▓▓▓▓▓▓


You could see 3 cyclopes and a centaur.

Vanquished Creatures
  A cyclops (D)
  A yaktaur (D)
  A spriggan (D)
  5 air elementals (D)
  5 hell hounds (D)
  2 black bears (D)
  A centaur (D)
  A necrophage (D)
  A wight (D)
  2 jellies (D)
  2 orc priests (D)
  An orc wizard (D)
  2 mummies (D)
  An adder zombie (D)
  2 adder skeletons (D)
  An orc (D)
  2 bat skeletons (D)
  3 bat zombies (D)
  2 endoplasms (D)
  A ball python zombie (D)
  A jackal skeleton (D)
  A jackal zombie (D)
39 creatures vanquished.

Vanquished Creatures (others)
  An adder zombie (D)
1 creature vanquished.

Grand Total: 40 creatures vanquished

Notes
Turn   | Place    | Note
-------+----------+-------------------------------------------
     0 | D        | Heoruswealwe the Gargoyle Fighter began the quest for the
                  | Orb.
     0 | D        | Reached XP level 1. HP: 14/14 MP: 1/1
     3 | D        | Found a blossoming altar of Fedhas.
     3 | D        | Found the +6 Majin-Bo {spellvamp, MP+6 Int+6}
     3 | D        | Found the +27 heavy crossbow "Sniper" {heavy, Acc+∞ SInv}
     3 | D        | Found the +10 dark maul {heavy}
     3 | D        | Found the +15 Maxwell's patent armour {-Cast -Tele rElec
                  | Will+ rCorr}
     3 | D        | Found the +18 shield of the Gong {Loud rN+ Will+ rCorr
                  | EV-5}
     3 | D        | Found the +16 obsidian axe {drain, demonic, Mesm Drain Fly
                  | SInv}
     3 | D        | Found the +7 great mace "Firestarter" {flame, immolate,
                  | rFlCloud rF++}
     3 | D        | Found the +6 shillelagh "Devastator" {shatter}
     3 | D        | Found the +11 plutonium sword {Contam Stlth-}
     3 | D        | Found the +8 lance "Wyrmbane" {slay drac, rPois rF+ rC+
                  | AC+3}
     3 | D        | Found the +9 sword of Zonguldrok {reap}
     3 | D        | Found the +13 scythe of Curses {drain, curses, Drain}
     3 | D        | Found the +9 sword of Power {lifebolt}
     3 | D        | Found the +7 mace of Variability {chaos, chaos arc}
     3 | D        | Found the +11 Singing Sword {sonic wave}
     3 | D        | Found the +8 storm bow {elec, penet}
     4 | D        | Found a viscous altar of Jiyva.
     4 | D        | Found a hazy altar of Hepliaklqana.
     4 | D        | Found a transporter.
     4 | D        | Found an opulent altar of Gozag.
     4 | D        | Found an ancient bone altar of Kikubaaqudgha.
     4 | D        | Found a corrupted altar of Lugonu.
    12 | D        | Banished a spatial maelstrom
    17 | D        | Found a shimmering blue altar of Sif Muna.
    17 | D        | Found a sacrificial altar of Ru.
    17 | D        | Found a bloodstained altar of Trog.
    17 | D        | Found a stormy altar of Qazlal.
    17 | D        | Found an iron altar of Okawaru.
    17 | D        | Found a sparkling altar of Nemelex Xobeh.
    19 | D        | Found a burning altar of Makhleb.
    37 | D        | Reached skill level 5 in Fighting
    37 | D        | Reached skill level 5 in Armour
    37 | D        | Reached skill level 5 in Shields
    37 | D        | Reached XP level 2. HP: 21/21 MP: 2/2
    42 | D        | Became a worshipper of Qazlal Stormbringer
    91 | D        | Entered arena 2.
    91 | D        | Noticed a wight
    91 | D        | Noticed a necrophage
    91 | D        | Found a transporter.
    93 | D        | Killed a wight
    94 | D        | Reached XP level 3. HP: 23/27 MP: 3/3
    94 | D        | Reached XP level 4. HP: 28/32 MP: 4/4
    95 | D        | Killed a necrophage
    96 | D        | Reached skill level 5 in Maces & Flails
   106 | D        | Entered arena 3.
   106 | D        | Noticed a black bear
   106 | D        | Noticed a spriggan
   106 | D        | Noticed a black bear
   106 | D        | Found a transporter.
   111 | D        | Killed a spriggan
   111 | D        | Reached * piety under Qazlal
   112 | D        | Reached XP level 5. HP: 4/39 MP: 5/5
   112 | D        | Reached XP level 6. HP: 4/44 MP: 6/6
   113 | D        | Killed a black bear
   115 | D        | Killed a black bear
   116 | D        | Reached XP level 7. HP: 33/50 MP: 7/7
   175 | D        | Entered arena 4.
   175 | D        | Found a transporter.
   179 | D        | Reached ** piety under Qazlal
   291 | D        | Entered arena 5.
   291 | D        | Found a transporter.
   294 | D        | Reached *** piety under Qazlal
   324 | D        | Entered arena 6.
   324 | D        | Noticed an air elemental
   324 | D        | Noticed an air elemental
   324 | D        | Noticed an air elemental
   324 | D        | Noticed an air elemental
   324 | D        | Noticed an air elemental
   324 | D        | Found a transporter.
   324 | D        | Paralysed by an air elemental for 1 turns
   327 | D        | Killed an air elemental
   327 | D        | Paralysed by an air elemental for 1 turns
   327 | D        | Killed an air elemental
   327 | D        | Reached **** piety under Qazlal
   328 | D        | Reached skill level 10 in Fighting
   328 | D        | Reached skill level 10 in Armour
   328 | D        | Reached skill level 10 in Shields
   328 | D        | Reached XP level 8. HP: 20/57 MP: 8/8
   330 | D        | Paralysed by an air elemental for 1 turns
   331 | D        | Killed an air elemental
   332 | D        | Killed an air elemental
   333 | D        | Paralysed by an air elemental for 1 turns
   336 | D        | Paralysed by an air elemental for 1 turns
   336 | D        | Killed an air elemental
   341 | D        | Got the ring "Hiklera" {rN++ MP+9 Stlth+}
   436 | D        | Entered arena 7.
   439 | D        | Reached ***** piety under Qazlal
   443 | D        | Reached skill level 10 in Maces & Flails
   444 | D        | Found a transporter.
   514 | D        | Entered arena 8.
   515 | D        | Found a transporter.
   519 | D        | Reached ****** piety under Qazlal
   535 | D        | Entered arena 9.
   536 | D        | Found a transporter.
   540 | D        | Reached XP level 9. HP: 47/64 MP: 9/9
   610 | D        | Entered arena 10.
   610 | D        | Noticed a cyclops
   610 | D        | Noticed a cyclops
   610 | D        | Noticed a cyclops
   610 | D        | Noticed a yaktaur
   610 | D        | Noticed a cyclops
   610 | D        | Noticed a cyclops
   619 | D        | Killed a yaktaur
   620 | D        | Killed a cyclops
   620 | D        | Hit by a large rock thrown by a cyclops

Illustrated notes

Levels and vault maps discovered:
D:        sprint_v [room_start, room_1, room_2, room_3, room_4, room_5, room_6,
          room_7, room_8, room_9, room_10, room_11, room_12, room_13, room_14,
          room_15, room_16, room_17, room_18, room_19, room_20, room_21,
          room_22, room_23, room_24, room_25, room_26, room_27]

Skill      XL: |  1  2  3  4  5  6  7  8  9 |
---------------+----------------------------+-----
Fighting       | 5 6 8 10 11 12 | 12.0
Maces & Flails | 4 6 7 9 10 | 10.9
Armour         | 5 6 8 10 11 12 | 12.0
Shields        | 5 6 8 10 11 12 | 12.1

Action                     |  1- 3 |  4- 6 |  7- 9 || total
---------------------------+-------+-------+-------++-------
  Melee: Maul              |     1 |     8 |    33 ||    42
    Use: Potion            |     1 |     1 |     6 ||     8
 Armour: Gold dragon scale |     1 |    51 |   153 ||   205
  Dodge: Dodged            |     1 |    17 |    41 ||    59
  Block: Other             |       |       |    36 ||    36
